woodfighter, neutral female scurrid Tourist ------- |......## --- ---- ------ |..<..| ..+ |..| +....+ ----|-- # |.| |..| |....| ## ### |.----|-----....----|--+----- | # ## |...l.@@.G.............C........| ### #%## |..-|-----.--......--+----+-- | ------.--- # ##...|..|..|..|.....{| |....>...| ### |..|..|..|..|......| |........| # |..----|-----......| |........|### |.............{....| |.........#########..-------.-------..|----- |........| # |.|..%"|...|(((.-.))....| |.........## |.-..?%|...|(((.|..|....| ---------- |.|(***|...|(((.|..|.%..| |.---------------..----------- | |....%..........................| --------------------------------- woodfighter the Excursionist Experience level: 9 Strength: 15 Dexterity: 12 Constitution: 14 Intelligence: 13 Wisdom: 9 Charisma: 19 Health: 0(61) Energy: 40(40) Def: 2 Gold: 0 Moves: 6956 Dungeon seed: k74nMbzvuZh5wVNR Game ID: woodfighter_1524382109 Your Inventory: Amulets X - a cursed amulet of reflection (being worn) Weapons u - 35 +2 darts (in quiver) w - 14 +0 darts E - a blessed +3 dart R - a +4 scimitar named Orphan Maker (weapon in paw) Armor e - an uncursed +0 elven cloak n - an uncursed +0 dwarvish cloak r - an uncursed +0 dwarvish cloak z - an uncursed +0 dwarvish cloak I - a blessed +0 elven shield (being worn) J - an uncursed +0 pair of high boots K - an uncursed +2 pair of leather gloves N - an uncursed +0 dwarvish cloak P - an uncursed +0 elven leather helm (being worn) Y - an uncursed +0 dented pot Comestibles b - an uncursed tin of kobold meat i - an uncursed pear x - 2 uncursed eggs C - 4 uncursed eucalyptus leaves T - 2 uncursed lichen corpses U - 4 uncursed chestnuts V - an uncursed sprig of wolfsbane Z - an uncursed lizard corpse Scrolls D - an uncursed scroll of gold detection Potions H - an uncursed potion of oil Wands d - a wand of death (0:4) f - a wand of teleportation (0:5) Tools k - a cursed tallow candle (0:200) o - an uncursed oil lamp (0:1276) q - a +0 unicorn horn s - an uncursed sack v - a blessed brass lantern (0:813) y - an uncursed credit card W - an uncursed towel Contents of the sack: a [uncursed] spellbook of sleep a [uncursed] potion of fruit juice a [uncursed] potion of see invisible Spells and supernatural/magical abilities: Name Level Category Fail Memory W - pray for help -- divine ? -- Your skills at the end: Miscellaneous Skills wands [Basic] Weapon Skills dart [Expert] Spellcasting Skills Final Attributes: You were fervently aligned. You were sleep resistant. You were poison resistant. Your writing paw was ok. You had infravision. You were very stealthy. You had reflection. You were unlucky. You are dead. Vanquished creatures: 2 giant mimics 2 small mimics a large dog 2 tengu a Grey-elf 2 watchmen 5 giant beetles a lizard 2 gnome kings a werewolf a dingo a housecat a jaguar a dwarf lord a white unicorn a raven 5 Woodland-elves 4 bugbears a baby crocodile a wood nymph 8 Mordor orcs a rock mole a rock piercer a pony 3 fog clouds 2 shriekers 3 violet fungi 6 gnome lords a golden naga hatchling a guardian naga hatchling 2 ghouls a straw golem 2 giant ants 4 floating eyes a kitten 5 dwarves a homunculus 2 kobold lords a kobold shaman 2 iguanas a hill orc 3 rabid rats a centipede 6 jitterbugs a giant bat 4 orc zombies 3 dwarf zombies 7 coyotes a gas spore 5 hobbits an acid blob 2 large kobolds 8 geckos 7 hobgoblins 6 giant rats 2 cave spiders a brown mold a yellow mold 2 green molds 16 gnomes 4 garter snakes 4 manes 2 gnome zombies 4 jackals 2 foxes 2 kobolds 8 newts 5 goblins a sewer rat 9 grid bugs 2 bats 7 lichens a kobold zombie 213 creatures vanquished. Voluntary challenges: You did not cause conflict. You were not invisible. You did not have reflection until turn 5588. You were not displaced. You had been an atheist until turn 2875. You used a wielded weapon 63 times, starting on turn 4481. You did not apply a unicorn horn. You did not use plumbed fixtures. You did not drink any magical draughts. You read items or engraved 3 times, starting on turn 3172. You never genocided any monsters. You never polymorphed an object. You never changed form. You completed Sokoban on turn 5552, according to the rules. You used no wishes. You never split a pudding. You never wrote Elbereth's name. You violated your moral code, losing 6 points of alignment, starting on turn 6908. Dungeon overview: The Dungeons of Doom: levels 1 to 9 Level 1 a long staircase Level 2 stairs to The Gnomish Mines Level 3 Level 4 a potion shop Level 5 a general store, a fountain, a sink Level 6 a fountain Level 7 a fountain, a throne Level 8 many fountains Level 9 some altars to Offler stairs to Sokoban The Gnomish Mines: levels 3 to 6 Level 3 stairs to The Dungeons of Doom Level 4 Level 5 <- You were here some shops, some fountains Level 6 Sokoban: levels 5 to 8 Level 5 a magic chest Level 6 a sink Level 7 a fountain Level 8 an altar to Blind Io, a magic chest stairs to The Dungeons of Doom History has recorded: On T:1 you entered the Dungeons of Doom to retrieve the Amulet of Yendor! On T:19 you reached level 2 of The Dungeons of Doom. On T:285 you reached level 3 of The Dungeons of Doom. On T:393 you reached level 1 of The Gnomish Mines. On T:505 you advanced to experience level 2. On T:522 you reached level 4 of The Dungeons of Doom. On T:660 you advanced to experience level 3. On T:866 you advanced to experience level 4. On T:1152 you reached level 5 of The Dungeons of Doom. On T:1273 you reached level 6 of The Dungeons of Doom. On T:1400 you advanced to experience level 5. On T:1591 you reached level 7 of The Dungeons of Doom. On T:1849 you advanced to experience level 6. On T:2099 you reached level 8 of The Dungeons of Doom. On T:2345 you advanced to experience level 7. On T:2539 you reached level 9 of The Dungeons of Doom. On T:2996 you reached level 4 of Sokoban. On T:2998 you prayed to The Lady. On T:3170 you opened a magic chest. On T:3448 you prayed to The Lady. On T:3817 you reached level 3 of Sokoban. On T:3819 you advanced to experience level 8. On T:4255 you reached level 2 of Sokoban. On T:4793 you reached level 1 of Sokoban. On T:5552 you advanced to experience level 9. On T:5552 you entered the Sokoban zoo. On T:6420 you reached level 2 of The Gnomish Mines. On T:6737 you reached level 3 of The Gnomish Mines. On T:6816 you reached level 4 of The Gnomish Mines. On T:6955 you prayed to The Lady. Score breakdown: Gold: 0 ( 0 points) Experience: 9 levels ( 800 points) Exploration: 9 levels ( 240 points) Discoveries: 27 items ( 1350 points) Variety of kills: 73 monsters ( 2000 points) Major goal: finished Sokoban ( 1000 points) Survival: died (score multiplied by 3) Total score: 16170 Latest messages: The door opens. This door is locked. You stop picking the lock. You start chewing a hole in the door. You continue chopping at the door. You break through the door. You miss Donnett. Donnett wields a long sword! Donnett swings her long sword at you. Donnett hacks you! You miss Donnett. Donnett swings her long sword at you. Donnett slashes you! Donnett swings her long sword at you. Donnett hacks you! You miss Donnett. You hack Donnett! Donnett swings her long sword at you. Donnett hacks you! Donnett swings her long sword at you. Donnett slashes you! You begin praying to The Lady. Donnett swings her long sword at you. Donnett hacks you! You die... Final status: Aloha woodfighter the Tourist, killed by a watch captain called "Donnett", while praying... You died in The Gnomish Mines on dungeon level 5 with 16170 points, and 0 pieces of gold, after 6956 moves. You were level 9 with a maximum of 61 hit points when you died.